 Dungeon Crawl Stone Soup version 0.20-a0-809-gaf7f668 (webtiles) character file.

167 Gorglomux the Skirmisher (level 5, -2/54 HPs)
             Began as an Ogre Arcane Marksman on Mar 3, 2017.
             Slain by Grinder (4 damage)
             ... on level 3 of the Dungeon.
             The game lasted 00:14:51 (3678 turns).

Gorglomux the Skirmisher (Ogre Arcane Marksman)     Turns: 3678, Time: 00:14:51

Health: -2/54      AC:  3    Str: 14    XL:     5   Next: 48%
Magic:  6/9        EV: 10    Int: 18    God:
Gold:   207        SH:  0    Dex:  9    Spells: 4/10 levels left

rFire    . . .     SeeInvis .   Q - +0 spear
rCold    . . .     Gourm    .   a - +0 robe
rNeg     . . .     Faith    .   (no shield)
rPois    .         Spirit   .   (helmet restricted)
rElec    .         Reflect  .   (no cloak)
rCorr    .         Harm     .   (gloves unavailable)
MR       .....                  (boots unavailable)
Stlth    +.........             r - amulet of regeneration
Regen    0.6/turn               (no ring)
MPRegen  0.2/turn               M - +3 ring of intelligence

@: very slightly contaminated
A: unfitting armour, tough skin 1
a: no special abilities


You were on level 3 of the Dungeon.
You were hungry.

You visited 1 branch of the dungeon, and saw 4 of its levels.

You collected 207 gold pieces.

Inventory:

Hand Weapons
 Q - a +0 spear (weapon)
 Y - a +0 dagger
Missiles
 W - 67 stones (quivered)
 Z - a throwing net
Armour
 a - a +0 robe (worn)
Jewellery
 r - an amulet of regeneration (around neck)
 M - a +3 ring of intelligence (left hand)
 P - an uncursed ring of ice
Scrolls
 G - a scroll of fear {unknown}
 H - 2 scrolls of random uselessness {unknown}
 J - 2 scrolls of teleportation {unknown}
 K - 2 scrolls of magic mapping {unknown}
 N - a scroll of remove curse
 R - a scroll of recharging {unknown}
 S - 3 scrolls of identify {unknown}
 T - a scroll of blinking {unknown}
Potions
 U - 2 potions of curing
Books
 b - a book of Debilitation

   Spells                             Type                      Level
   a - Corona                         Hexes                        1
   b - Slow                           Hexes                        2
   c - Inner Flame                    Hexes/Fire                   3
   d - Portal Projectile              Hexes/Translocation          3
   e - Cause Fear                     Hexes                        4
   f - Leda's Liquefaction            Hexes/Earth                  4
 L - a book of Cantrips

   Spells                             Type                      Level
   a - Confusing Touch                Hexes                        1
   b - Animate Skeleton               Necromancy                   1
   c - Summon Small Mammal            Summoning                    1
   d - Apportation                    Translocation                1
Comestibles
 f - 2 bread rations
 O - 2 royal jellies
 V - a meat ration
 X - 2 chunks of flesh


   Skills:
 + Level 3.7 Fighting
 + Level 3.0 Throwing
 - Level 1.7 Dodging
 + Level 3.1 Spellcasting
 - Level 3.0 Hexes
 + Level 1.3 Translocations


You had 4 spell levels left.
You knew the following spells:

 Your Spells              Type           Power        Failure   Level  Hunger
a - Corona                Hex            ##.....      6%          1    None
b - Slow                  Hex            ##......     10%         2    ##.....
j - Portal Projectile     Hex/Tloc       ##....       24%         3    ###....


Dungeon Overview and Level Annotations

Branches:
Dungeon (4/15)
 Temple: D:4-7

Altars:

Annotations:
D:3 Grinder
D:4 Edmund


Innate Abilities, Weirdness & Mutations

You are too large for most types of armour.
You have tough skin. (AC +1)


Message History

You feel better.
You hit Grinder but do no damage.
Grinder is severely wounded.
You feel yourself slow down.
Grinder is no longer moving slowly.
Grinder gestures at you. Pain shoots through your body!
* * * LOW HITPOINT WARNING * * *
Casting: Slow
Confirm with . or Enter, or press ? or * to list all spells.
Aiming: Slow
Press: ? - help, Shift-Dir - straight line, f/p - Grinder
Aim: Grinder (severely wounded, chance to defeat MR: 50%) Grinder seems to slow down.
You closely miss Grinder.
Grinder is severely wounded.
Grinder hits you!
* * * LOW HITPOINT WARNING * * *
You writhe in agony.
You die...

#...(.(..# #......#
####.....######......#####
#.>...'....'......'....
#.....######......##..#
#.....######......###.#
#..(........####### #.#
#...........# #.#
#...........#########..
##....@5....'..........
####.......##########.
#.......# #. #.......# ##
#.......# # ######.......#
# #............# #
#............# #
#.).......>..#


You could see Grinder.

Vanquished Creatures
  An iguana (D:3)
  An orc wizard (D:3)
  4 adders
  2 leopard geckos
  6 orcs (D:3)
  5 bats
  2 giant cockroaches
  7 goblins
  6 hobgoblins
  8 jackals
  2 quokkas (D:3)
  A ball python (D:3)
  7 frilled lizards
  9 kobolds
  9 rats
70 creatures vanquished.

Notes
Turn   | Place    | Note
-------+----------+-------------------------------------------
     0 | D:1      | Gorglomux the Ogre Arcane Marksman began the quest for the Orb.
     0 | D:1      | Reached XP level 1. HP: 19/19 MP: 2/2
   233 | D:1      | Reached XP level 2. HP: 11/28 MP: 0/4
   869 | D:1      | Reached XP level 3. HP: 36/36 MP: 3/6
  1246 | D:2      | Learned a level 3 spell: Portal Projectile
  1249 | D:2      | Learned a level 2 spell: Slow
  1703 | D:2      | Reached skill level 3 in Hexes
  2113 | D:3      | Reached skill level 3 in Fighting
  2113 | D:3      | Reached XP level 4. HP: 41/45 MP: 3/7
  2554 | D:3      | Reached skill level 1 in Translocations
  2942 | D:4      | Noticed Edmund
  2978 | D:3      | Reached XP level 5. HP: 29/53 MP: 7/9
  3260 | D:4      | Reached skill level 3 in Spellcasting
  3320 | D:4      | Noticed Grinder
  3404 | D:4      | Paralysed by Grinder for 4 turns
  3554 | D:3      | Reached skill level 3 in Throwing
  3659 | D:3      | Paralysed by Grinder for 5 turns
  3674 | D:3      | HP: 2/54 [Grinder (4)]
  3678 | D:3      | Slain by Grinder

Vault maps used:
D:1:      minmay_arrival_stone_box, minmay_misc_feat_encased
D:3:      first_bread
D:4:      grunt_decor_fettered, uniq_duvessa, uniq_edmund, uniq_blork_the_orc,
          uniq_grinder

Skill      XL: |  1  2  3  4  5 |
---------------+----------------+-----
Fighting       | 2 3 |  3.7
Spellcasting   | 2 3 |  3.1
Hexes          | 3 |  3.0
Translocations | 1 |  1.3
Throwing       | 3 |  3.0
Dodging        | |  1.7

Action                   |  1- 3 |  4- 6 || total
-------------------------+-------+-------++-------
Melee: Dagger            |    74 |       ||    74
       Unarmed           |    12 |       ||    12
       Spear             |   111 |   204 ||   315
Throw: Stone             |    17 |    31 ||    48
       Large rock        |     3 |     7 ||    10
       Throwing net      |       |     1 ||     1
 Cast: Corona            |    29 |    13 ||    42
       Slow              |     6 |    20 ||    26
       Portal Projectile |       |     1 ||     1
  Use: Scroll            |     1 |       ||     1
       Potion            |       |     3 ||     3
 Stab: Sleeping          |     1 |     1 ||     2
  Eat: Chunk             |     5 |     6 ||    11
Armor: Robe              |    79 |    29 ||   108
Dodge: Dodged            |   104 |    85 ||   189
